AoeStats
← CrazyBen

Pilgrims

507239315Analyzed
4v4 RM · 16d ago on Sep 17, 2026· 46m 20s· 8 players
Game mode
Random Map
Map size
Large (8 player)
Population
200
Speed
Normal
Resources
Standard
Victory
Conquest
Starting age
Dark Age
Ending age
Imperial Age
RankedLock teamsTeams togetherTeam positionsShared explorationLock speedFull tech treeHidden civsTurbo modeCheats
Victory
Defeat
🇫🇷 Goths · France
1438
+13
🇸🇪 Shu · Sweden
1379
+15
🇨🇳 Franks · China
1324
+18
🇦🇷 Spanish · Argentina
1322
+18
🇨🇳 Burgundians · China
1569
-24
1415
-18
🇭🇰 Persians · Hong Kong SAR China
1281
-13
🇨🇳 Armenians · China
1186
-9
上京皇族·耶律·GOOD
10:56 Feudal Age
14:18 Double-Bit Axe
17:07 Castle Age
15:00 Fishing Lines
15:20 Stone Mining
16:35 Loom
17:02 Gold Mining
20:57 Fletching
21:44 Bodkin Arrow
23:00 Padded Archer Armor
23:49 Wheelbarrow
24:13 Gold Shaft Mining
26:11 Ballistics
25:55 Horse Collar
27:37 Bow Saw
30:01 Hand Cart
31:06 Town Watch
31:34 Heavy Plow
36:34 Heresy
37:23 Bloodlines
37:13 Husbandry
40:22 Imperial Age
39:24 Leather Archer Armor
40:30 Elite Mangudai
42:13 Bracer
45:59 Chemistry
The_Centaur
5:01 Loom
11:28 Feudal Age
12:35 Double-Bit Axe
13:52 Wheelbarrow
14:25 Forging
22:01 Fishing Lines
24:56 Castle Age
25:00 Fletching
25:53 Medium Warships
26:06 Bodkin Arrow
32:54 Bow Saw
34:00 Gillnets
35:07 Hand Cart
36:04 Careening
37:22 Town Watch
42:49 Imperial Age
41:40 Town Watch
44:06 Heavy Warships
43:57 Bracer
wuy352
7:33 Double-Bit Axe
11:51 Feudal Age
10:17 Fishing Lines
13:07 Bow Saw
12:48 Gillnets
15:40 Castle Age
13:30 Horse Collar
13:46 Stone Mining
14:56 Gold Mining
18:39 Two-Man Saw
17:21 Horse Collar
18:05 Scale Barding Armor
18:36 Forging
18:41 Loom
18:55 Town Watch
19:35 Heavy Plow
20:11 Gold Shaft Mining
20:31 Chain Barding Armor
21:26 Iron Casting
29:07 Imperial Age
29:13 Wheelbarrow
29:15 Elite Coustillier
30:51 Hand Cart
32:38 Husbandry
32:36 Pikeman
33:17 Squires
33:27 Scale Mail Armor
34:04 Conscription
36:17 Halberdier
40:59 Chain Mail Armor
43:22 Plate Mail Armor
44:10 Fletching
46:33 Blast Furnace
仙北
7:13 Loom
13:39 Feudal Age
14:01 Double-Bit Axe
16:08 Horse Collar
19:02 Castle Age
17:21 Fishing Lines
20:25 Town Watch
22:53 Wheelbarrow
22:58 Scale Barding Armor
23:25 Bow Saw
24:00 Chain Barding Armor
23:35 Gold Mining
25:25 Bloodlines
25:29 Heavy Plow
27:30 Forging
34:01 Imperial Age
32:01 Hand Cart
33:12 Husbandry
34:13 Gold Shaft Mining
34:21 Cavalier
34:54 Heavy Camel Rider
38:50 Fletching
42:38 Iron Casting
titumir
3:13 Loom
10:45 Feudal Age
15:05 Castle Age
14:25 Fletching
23:32 Bodkin Arrow
30:26 Fervor
32:04 Sanctity
40:05 Double-Bit Axe
41:04 Wheelbarrow
45:58 Horse Collar
47:03 Hand Cart
CrazyBen
3:19 Loom
14:10 Feudal Age
18:40 Castle Age
16:57 Stone Mining
17:36 Scale Mail Armor
19:15 Pikeman
22:54 Double-Bit Axe
23:25 Horse Collar
27:41 Squires
36:26 Chain Mail Armor
36:26 Forging
38:05 Man-at-Arms
40:05 Long Swordsman
45:35 Bow Saw
46:54 Wheelbarrow
49:04 Imperial Age
布吉岛
10:27 Loom
12:34 Feudal Age
13:27 Double-Bit Axe
16:19 Castle Age
15:31 Wheelbarrow
14:48 Gold Mining
15:40 Fishing Lines
19:14 Bow Saw
19:13 Scale Barding Armor
19:19 Forging
20:28 Gold Shaft Mining
20:10 Town Watch
22:45 Husbandry
27:34 Imperial Age
27:33 Chain Barding Armor
28:15 Hand Cart
28:50 Iron Casting
27:42 Cavalier
29:34 Plate Barding Armor
30:48 Iron Casting
32:23 Paladin
34:48 Blast Furnace
34:40 Scale Mail Armor
35:58 Stone Mining
37:39 Siege Engineers
39:22 Conscription
39:04 Chivalry
41:40 Chain Mail Armor
43:58 Coinage
45:36 Chemistry
44:56 Ballistics
44:32 Gillnets
45:17 Banking
Tuktad
4:50 Loom
11:05 Feudal Age
12:02 Double-Bit Axe
12:39 Town Watch
12:55 Fishing Lines
13:36 Gold Mining
17:59 Castle Age
17:26 Fletching
18:45 Bodkin Arrow
19:08 Medium Warships
20:46 Bow Saw
21:00 Clinker Construction
22:52 Wheelbarrow
23:38 Gold Shaft Mining
23:54 Padded Archer Armor
25:37 Horse Collar
28:12 Hand Cart
30:34 Leather Archer Armor
31:46 Ballistics
35:21 Imperial Age
35:42 Scale Mail Armor
35:36 Guard Tower
36:31 Heavy Warships
37:32 Arrowslits
38:47 Chemistry
38:21 Carvel Hull
38:14 Careening
42:36 Bracer
43:43 Shipwright
43:44 Dry Dock
45:33 Ring Archer Armor
45:30 Conscription
46:07 Coinage
45:54 Chain Mail Armor
47:17 Chemistry
Connection lost

Rejoining the realm…

Still unreachable

The connection could not be restored.

Session expired

The server has moved on; the page needs a fresh start.